 Dungeon Crawl Stone Soup version 0.22-a0-533-g4d20840e7c (webtiles) character file.

3883 8fpsbossfight the Spear-Bearer (level 9, 0/74 HPs)
             Began as a Demigod Gladiator on June 22, 2018.
             Slain by a two-headed ogre
             ... wielding a +0 giant club
              (3 damage)
             ... on level 8 of the Dungeon.
             The game lasted 00:22:20 (11473 turns).

8fpsbossfight the Spear-Bearer (Demigod Gladiator) Turns: 11473, Time: 00:22:20

Health: 0/74       AC: 17    Str: 19      XL:     9   Next: 68%
Magic:  11/11      EV: 10    Int: 11 (12) God:
Gold:   456        SH:  6    Dex: 16 (17) Spells: 8/8 levels left

rFire    . . .     SeeInvis .   a - +0 trident
rCold    . . .     Gourm    .   g - +0 buckler
rNeg     . . .     Faith    .   b - +0 chain mail
rPois    +         Spirit   .   C - +0 helmet
rElec    .         Reflect  .   K - +2 cloak
rCorr    .         Harm     .   z - +0 pair of gloves
MR       .....     Clarity  +   (no boots)
Stlth    ..........             (no amulet)
HPRegen  0.22/turn              s - ring of poison resistance
MPRegen  0.12/turn              (no ring)

@: no status effects
A: icy blue scales 1, clarity, deterioration 1, high mp 1, weak 2
a: no special abilities


You were on level 8 of the Dungeon.
You were not hungry.

You visited 1 branch of the dungeon, and saw 8 of its levels.
You also visited: Sewer.

You collected 456 gold pieces.

Inventory:

Hand Weapons
 a - a +0 trident (weapon)
 r - a +0 hunting sling
   (You took it off a goblin on level 2 of the Dungeon)
 u - a +0 blowgun
   (You took it off a kobold on level 3 of the Dungeon)
Missiles
 q - 235 stones
 v - 78 poisoned needles
 w - 3 javelins (quivered)
Armour
 b - a +0 chain mail (worn)
   (You took it off an orc warrior on level 7 of the Dungeon)
 g - a +0 buckler (worn)
   (You found it on level 4 of the Dungeon)
 z - a +0 pair of gloves (worn)
   (You found it on level 5 of the Dungeon)
 C - a +0 helmet (worn)
 K - a +2 cloak (worn)
   (You found it on level 8 of the Dungeon)
Jewellery
 s - a ring of poison resistance (left hand)
   (You took it off an orc on level 5 of the Dungeon)
Wands
 c - a wand of disintegration (9)
   (You found it on level 6 of the Dungeon)
 d - a wand of iceblast (6)
   (You found it on level 6 of the Dungeon)
 t - a wand of flame (1)
   (You found it on level 3 of the Dungeon)
 G - a wand of scattershot (4)
   (You found it on level 7 of the Dungeon)
 I - a wand of polymorph (15)
   (You found it on level 7 of the Dungeon)
Scrolls
 h - a scroll of fear {unknown}
 l - a scroll of fog {unknown}
 m - 4 scrolls of remove curse {@r2}
 n - a scroll of noise {unknown}
 p - a scroll of enchant weapon {unknown}
 x - 5 scrolls of teleportation {unknown}
 y - a scroll of vulnerability {unknown}
 D - 2 scrolls of blinking {unknown}
 E - 2 scrolls of random uselessness {unknown}
 F - 2 scrolls of immolation {unknown}
 H - a scroll of holy word {unknown}
Potions
 f - 7 potions of curing {@q1}
 i - a potion of brilliance
 j - a potion of haste {@q3}
 A - 2 potions of heal wounds {@q2}
 B - 2 potions of agility
 L - a potion of ambrosia {unknown}
Comestibles
 e - 13 rations
 k - 4 chunks of flesh


   Skills:
 - Level 5.0 Fighting
 - Level 9.0 Polearms
 - Level 1.7 Throwing
 + Level 4.8 Armour
 + Level 4.8 Dodging
 - Level 5.9 Shields


You had 8 spell levels left.
You didn't know any spells.
Your spell library was empty.

Dungeon Overview and Level Annotations

Branches:
Dungeon (8/15)             Temple (0/1) D:4
   Lair: D:8-11

Shops:
D:5 %

Annotations:
D:4 1 runed door


Innate Abilities, Weirdness & Mutations

You have an increased reservoir of magic. (+10% MP)
You are partially covered in icy blue scales. (AC +2)
You possess an exceptional clarity of mind.
Your body sometimes deteriorates upon taking damage.
You are very weak. (Str -4)


Message History

Throwing (i - inventory. (/) - cycle)
w - 5 javelins (quivered)
Aim: a two-headed ogre, wielding two giant clubs You throw a javelin.
The javelin hits the two-headed ogre.
Throwing (i - inventory. (/) - cycle)
w - 4 javelins (quivered)
Aim: a two-headed ogre, wielding two giant clubs (lightly wounded)
You throw a javelin. The javelin hits the two-headed ogre.
Your chain mail prevents you from hitting the two-headed ogre.
You hit the two-headed ogre but do no damage.
The two-headed ogre hits you but does no damage.
The two-headed ogre hits you with a giant club!!
You take 22 damage, and have 52/74 hp.
MASSIVE DAMAGE!!
You hit the two-headed ogre.
The two-headed ogre hits you but does no damage.
The two-headed ogre hits you with a giant club!
You take 11 damage, and have 41/74 hp.
Okay, then.
Aim: a two-headed ogre, wielding two giant clubs (lightly wounded, chance to defeat MR: 48%)
The two-headed ogre resists with some effort.
The two-headed ogre hits you with a giant club.
The two-headed ogre hits you but does no damage.
Aim: a two-headed ogre, wielding two giant clubs (lightly wounded, chance to defeat MR: 48%)
The two-headed ogre is blasted.
Aim: a two-headed ogre, wielding two giant clubs (heavily wounded, chance to defeat MR: 48%)
The two-headed ogre resists with some effort.
The two-headed ogre hits you with a giant club!
* * * LOW HITPOINT WARNING * * *
You block the two-headed ogre's attack.
You take 10 damage, and have 31/74 hp.
Unknown command.
Unknown command.
Aim: a two-headed ogre, wielding two giant clubs (heavily wounded, chance to defeat MR: 48%)
The two-headed ogre is blasted.
You block the two-headed ogre's attack.
The two-headed ogre hits you with a giant club.
* * * LOW HITPOINT WARNING * * *
You take 3 damage, and have 28/74 hp.
Aim: a two-headed ogre, wielding two giant clubs (almost dead, chance to defeat MR: 48%)
The two-headed ogre resists with some effort.
The two-headed ogre hits you with a giant club!
* * * LOW HITPOINT WARNING * * *
The two-headed ogre closely misses you.
You take 7 damage, and have 21/74 hp.
Aim: a two-headed ogre, wielding two giant clubs (almost dead, chance to defeat MR: 48%)
The two-headed ogre resists with some effort.
Aim: a two-headed ogre, wielding two giant clubs (almost dead, chance to defeat MR: 48%)
The two-headed ogre resists with some effort.
The two-headed ogre hits you with a giant club!!
* * * LOW HITPOINT WARNING * * *
Your body deteriorates!
You feel clumsy.
The two-headed ogre hits you with a giant club.
You die...

#######...####.........####...#
#.........# #.......## #....
#..###.#..# ##.....## #..##
#..###.#..# ##...## #..##
#..#...#..# ##'## #..##
#.......O.# #.# #....
#.##.###.## #.# #...#
#.##.###.########.## #####....
#........((.O@##...###...##...
####...)..###.#.....##...###.#
##.###.###.##...#(........# #O#
#..................###
#.#######.######.......#
#...O.....# ###...###
########### #...# #####


You could see a two-headed ogre.

Vanquished Creatures
  Pikel (D:4)
  A centaur skeleton (D:8)
  A hippogriff (D:7)
  Eustachio (D:4)
  Menkaure (D:4)
  2 orc warriors
  2 ice beasts (D:7)
  A slave (D:3)
  4 ogres
  A centaur (D:8)
  2 big kobolds
  4 bullfrogs
  Blork the orc (D:5)
  A scorpion (D:6)
  4 killer bees (D:7)
  5 howler monkeys
  A bullfrog zombie (D:8)
  2 crimson imps (D:6)
  A centaur zombie (D:8)
  A hound (D:4)
  An orc priest (D:8)
  3 orc wizards
  A jelly (D:5)
  A bullfrog skeleton (D:5)
  9 worker ants
  An iguana (D:5)
  2 hound skeletons
  Robin (D:2)
  10 adders
  A river rat (D:6)
  3 shadow imps
  12 oozes
  A worm (D:6)
  2 dart slugs
  21 leopard geckos
  25 orcs
  28 giant cockroaches
  16 goblins
  11 hobgoblins
  12 jackals
  A quokka (D:2)
  15 ball pythons
  10 bats
  12 frilled lizards
  2 jackal skeletons
  23 kobolds
  A quokka skeleton (D:6)
  11 rats
273 creatures vanquished.

Vanquished Creatures (others)
  A bullfrog (D:7)
  A worker ant (D:4)
  A kobold (D:7)
  2 fungi (D:5)
5 creatures vanquished.

Grand Total: 278 creatures vanquished

Notes
Turn   | Place    | Note
-------+----------+-------------------------------------------
     0 | D:1      | 8fpsbossfight the Demigod Gladiator began the quest for the Orb.
     0 | D:1      | Reached XP level 1. HP: 17/17 MP: 3/3
   359 | D:1      | Reached skill level 3 in Polearms
   446 | D:1      | Reached XP level 2. HP: 24/24 MP: 4/4
   672 | D:1      | Reached XP level 3. HP: 25/30 MP: 5/5
   934 | D:2      | Found a shadowy altar of Dithmenos.
  1079 | D:2      | Noticed Robin
  1123 | D:2      | Killed Robin
  1123 | D:2      | Reached skill level 4 in Polearms
  1294 | D:2      | Reached XP level 4. HP: 34/37 MP: 6/6
  1316 | D:2      | Found an iron altar of Okawaru.
  1397 | D:2      | Found a sparkling altar of Nemelex Xobeh.
  2301 | D:3      | Reached XP level 5. HP: 34/45 MP: 7/7
  3147 | D:3      | Found an opulent altar of Gozag.
  3147 | D:3      | Found a burning altar of Makhleb.
  3152 | D:3      | Reached skill level 5 in Polearms
  3336 | D:4      | Noticed Menkaure
  3370 | D:4      | Killed Menkaure
  3370 | D:4      | Reached XP level 6. HP: 42/52 MP: 8/8
  3489 | D:4      | Noticed Pikel
  3705 | D:4      | Found a white marble altar of Elyvilon.
  3777 | D:3      | Reached skill level 6 in Polearms
  3888 | D:4      | Reached skill level 1 in Shields
  4091 | D:4      | Noticed Eustachio
  4288 | D:4      | Killed Eustachio
  4288 | D:4      | Reached XP level 7. HP: 59/59 MP: 9/9
  4489 | D:4      | Killed Pikel
  4489 | D:4      | Reached skill level 5 in Shields
  4658 | D:4      | Found a runed door.
  4675 | D:4      | Found a staircase to the Ecumenical Temple.
  4861 | D:5      | Entered Level 5 of the Dungeon
  4878 | D:5      | Reached XP level 8. HP: 54/66 MP: 10/10
  4984 | D:5      | Reached skill level 1 in Armour
  5311 | D:5      | Found Piogu's Food Shoppe.
  5330 | D:5      | Found a blossoming altar of Fedhas.
  5639 | D:5      | Found a glowing golden altar of the Shining One.
  5737 | D:5      | Found an ancient bone altar of Kikubaaqudgha.
  5739 | D:5      | Found a glowing golden altar of the Shining One.
  5740 | D:5      | Noticed Blork the orc
  5764 | D:5      | Killed Blork the orc
  6525 | D:6      | Reached skill level 7 in Polearms
  6805 | D:6      | Found a glowing drain.
  6809 | Sewer    | Entered a sewer
  7001 | Sewer    | Reached skill level 5 in Fighting
  7867 | D:6      | Reached skill level 8 in Polearms
  7867 | D:6      | Reached XP level 9. HP: 68/74 MP: 11/11
  8533 | D:7      | Found a snail-covered altar of Cheibriados.
  8565 | D:7      | Found a bloodstained altar of Trog.
  8707 | D:7      | Gained mutation: Your body sometimes deteriorates upon taking damage. [potion of mutation]
  8707 | D:7      | Gained mutation: Your mind is acute. (Int +2) [potion of mutation]
  8707 | D:7      | Gained mutation: You expend magic power (3 MP) to strengthen your wands. [potion of mutation]
  8708 | D:7      | Lost mutation: You expend magic power (3 MP) to strengthen your wands. [potion of mutation]
  8708 | D:7      | Lost mutation: Your mind is acute. (Int +2) [potion of mutation]
  8708 | D:7      | Gained mutation: You are weak. (Str -2) [potion of mutation]
  8708 | D:7      | Gained mutation: You are very weak. (Str -4) [potion of mutation]
  8708 | D:7      | Gained mutation: You are partially covered in icy blue scales. (AC +2) [potion of mutation]
  8708 | D:7      | Gained mutation: You possess an exceptional clarity of mind. [potion of mutation]
  8762 | D:6      | Reached skill level 9 in Polearms
 10531 | D:8      | Found a hazy altar of Hepliaklqana.
 10736 | D:8      | Noticed a two-headed ogre
 11473 | D:8      | HP: 3/74 [two-headed ogre/giant club (19)]
 11473 | D:8      | Slain by a two-headed ogre

Vault maps used:
D:1:      lightli_arrival_noodles
D:2:      okawaru_altar_gauntlet_db, lemuel_round_altar,
          overflow_temple_1_default, uniq_robin
D:3:      gammafunk_temple_overflow_pools
D:4:      overflow_temple_1_default, minmay_temple_entry_junction, first_ration,
          uniq_crazy_yiuf_cottage, uniq_menkaure, uniq_pikel, uniq_eustachio
D:5:      lemuel_doored_altar, overflow_temple_1_default, basic_altar,
          serial_shops, shop, fedhas_altar_3, uniq_blork_the_orc
D:6:      gup_sewer_entry_spiral
D:7:      kennysheep_mini, lightli_temple_of_fire
D:8:      marbit_many_paths, hangedman_pestilent_swarm
Sewer:    sewer_frog_island_02

Skill      XL: |  1  2  3  4  5  6  7  8  9 |
---------------+----------------------------+-----
Fighting       | 2 3 4 5 |  5.0
Polearms       | 3 4 5 6 8 9 |  9.0
Shields        | 3 5 |  5.9
Dodging        | 3 4 |  4.8
Armour         | 3 4 |  4.8
Throwing       | |  1.7

Action                   |  1- 3 |  4- 6 |  7- 9 || total
-------------------------+-------+-------+-------++-------
Melee: Trident           |   126 |   258 |   726 ||  1110
Throw: Throwing net      |       |     2 |     3 ||     5
       Javelin           |       |       |     2 ||     2
Evoke: Wand              |       |    11 |    31 ||    42
  Use: Potion            |       |     1 |     4 ||     5
       Scroll            |       |     5 |     4 ||     9
 Stab: Sleeping          |     2 |       |       ||     2
       Distracted        |       |       |     1 ||     1
  Eat: Chunk             |     1 |    10 |    15 ||    26
       Ration            |       |       |     3 ||     3
Armor: Leather armour    |    24 |     7 |       ||    31
       Scale mail        |       |    43 |   162 ||   205
       Chain mail        |       |       |    23 ||    23
Dodge: Dodged            |    68 |   138 |   274 ||   480
Block: Buckler           |       |    13 |   154 ||   167

Table legend:
 A = Spawn XP
 B = Non-spawn XP
 C = Spawn XP percentage of total XP
 D = Spawn monster count
 E = Non-spawn monster count
 F = Spawn count percentage of total count
 G = Total turns spent on level
                    A         B        C        D         E        F      G
               +---------+---------+-------+---------+---------+-------+---------
         Total |       0 |    5548 |   0.0 |       0 |     272 |   0.0 | 11473
               +---------+---------+-------+---------+---------+-------+---------
           D:1 |       0 |      58 |   0.0 |       0 |      34 |   0.0 |   932
           D:2 |       0 |      87 |   0.0 |       0 |      31 |   0.0 |   822
           D:3 |       0 |     276 |   0.0 |       0 |      39 |   0.0 |  2234
           D:4 |       0 |    1254 |   0.0 |       0 |      13 |   0.0 |   873
           D:5 |       0 |     779 |   0.0 |       0 |      23 |   0.0 |  1323
           D:6 |       0 |     675 |   0.0 |       0 |      33 |   0.0 |  1491
           D:7 |       0 |    1293 |   0.0 |       0 |      24 |   0.0 |  2595
           D:8 |       0 |     748 |   0.0 |       0 |      13 |   0.0 |   675
         Sewer |       0 |     378 |   0.0 |       0 |      62 |   0.0 |   528
               +---------+---------+-------+---------+---------+-------+---------
